AoeStats
← AldoDG

Arena

510013746Analyzed
2v2 RM · 5d ago on Sep 29, 2026· 52m 24s· 4 players
Game mode
Random Map
Map size
Medium (4 player)
Population
200
Speed
Normal
Resources
Standard
Victory
Conquest
Starting age
Dark Age
Ending age
Imperial Age
RankedLock teamsTeams togetherTeam positionsShared explorationLock speedFull tech treeHidden civsTurbo modeCheats
Victory
Defeat
🇨🇱 Magyars · Chile
940
+16
🇲🇽 Goths · Mexico
884
+18
🇺🇸 Bohemians · United States
942
-46
🇪🇨 Saxons · Ecuador
928
-17
finowarcly
11:01 Feudal Age
16:15 Castle Age
14:01 Double-Bit Axe
14:40 Stone Mining
16:15 Wheelbarrow
15:34 Horse Collar
21:47 Pikeman
26:23 Fletching
27:11 Bodkin Arrow
29:02 Elite Skirmisher
34:27 Ballistics
37:38 Imperial Age
35:47 Bow Saw
35:40 Gambesons
40:14 Bracer
46:03 Conscription
Rabie
11:27 Feudal Age
15:47 Castle Age
14:20 Double-Bit Axe
16:13 Scale Mail Armor
19:29 Bow Saw
20:29 Chemistry
20:51 Chain Mail Armor
21:53 Horse Collar
22:23 Pikeman
23:48 Padded Archer Armor
28:54 Town Watch
32:25 Wheelbarrow
31:36 Loom
31:55 Town Patrol
32:48 Heavy Plow
37:37 Imperial Age
35:53 Leather Archer Armor
36:17 Elite Skirmisher
37:24 Fletching
40:03 Two-Man Saw
42:52 Ring Archer Armor
42:18 Bodkin Arrow
44:49 Bracer
AldoDG
7:35 Loom
11:32 Feudal Age
16:13 Castle Age
14:57 Double-Bit Axe
17:57 Wheelbarrow
18:27 Stone Mining
18:20 Horse Collar
18:33 Gold Mining
23:14 Heavy Plow
23:09 Town Watch
29:23 Imperial Age
27:02 Scale Mail Armor
28:27 Bow Saw
28:33 Forging
27:46 Pikeman
28:30 Squires
27:50 Man-at-Arms
29:09 Caravan
29:06 Long Swordsman
30:10 Chain Mail Armor
30:45 Perfusion
30:41 Two-Handed Swordsman
32:01 Iron Casting
33:23 Two-Man Saw
32:03 Champion
33:26 Halberdier
35:23 Blast Furnace
34:26 Capped Ram
36:49 Padded Archer Armor
36:40 Fletching
36:17 Elite Skirmisher
37:49 Ballistics
39:29 Chemistry
38:29 Bodkin Arrow
38:50 Leather Archer Armor
39:45 Conscription
40:34 Bracer
41:05 Ring Archer Armor
46:33 Elite Huskarl
47:18 Anarchy
BenjaB1
10:57 Feudal Age
18:08 Castle Age
16:01 Horse Collar
16:30 Double-Bit Axe
16:57 Loom
17:45 Fletching
23:09 Gold Mining
23:14 Stone Mining
29:47 Imperial Age
31:01 Padded Archer Armor
32:41 Scale Barding Armor
37:43 Wheelbarrow
37:27 Leather Archer Armor
38:59 Chemistry
39:01 Ballistics
38:54 Bodkin Arrow
39:57 Chain Barding Armor
45:50 Ring Archer Armor
47:52 Plate Barding Armor
49:55 Spies/Treason
Connection lost

Rejoining the realm…

Still unreachable

The connection could not be restored.

Session expired

The server has moved on; the page needs a fresh start.